 Dungeon Crawl Stone Soup version 0.16.1 (console) character file.

165 gw the Slasher (level 5, 0/41 HPs)
             Began as a Vampire Chaos Knight on Mar 23, 2015.
             Slain by sugabear's ghost (13 damage)
             ... on level 3 of the Dungeon.
             The game lasted 00:03:25 (2252 turns).

gw the Slasher (Vampire Chaos Knight)               Turns: 2252, Time: 00:03:25

Health: 0/41       AC:  9    Str: 16    XL:     5   Next: 22%
Magic:  5/5        EV:  7    Int: 14    God:    Xom [..*...]
Gold:   129        SH:  0    Dex: 11    Spells: 0 memorised, 4 levels left

rFire  . . .     SeeInvis +     a - +0 falchion (chaos)
rCold  . . .     Clarity  .     h - +0 chain mail
rNeg   . . .     SustAb   .     (no shield)
rPois  +         Gourm    .     f - +0 helmet
rElec  .         Spirit   .     (no cloak)
rCorr  .         Warding  .     (no gloves)
rMut   .         Stasis   .     (no boots)
MR     .....                    (no amulet)
Stlth  ..........               p - ring of poison resistance
                                k - -3 ring of dexterity (curse)

@: mighty, regenerating quickly, not resistant to hostile enchantments,
extremely unstealthy
A: bottle blood, fangs 3, see invisible, unbreathing
a: Renounce Religion


You were on level 3 of the Dungeon.
You worshipped Xom.
You were a toy of Xom.
You were very full.

You visited 1 branch of the dungeon, and saw 3 of its levels.

You collected 129 gold pieces.

Inventory:

Hand weapons
 a - a +0 falchion of chaos (weapon)
Missiles
 d - 86 stones (quivered)
 g - 6 needles of slowing
Armour
 f - a +0 helmet (worn)
 h - a +0 chain mail (worn)
Jewellery
 k - a cursed -3 ring of dexterity (left hand)
 p - a ring of poison resistance (right hand)
Scrolls
 n - 2 scrolls of identify
Potions
 b - a potion of magic
 c - a potion of blood
 q - a potion of curing


   Skills:
 + Level 3.3 Fighting
 * Level 4.4 Long Blades
 + Level 1.7 Throwing
 + Level 1.8 Armour
 - Level 2.1 Dodging


You had 4 spell levels left.
You didn't know any spells.

Dungeon Overview and Level Annotations

Branches:
Dungeon (3/15)

Altars:
Dithmenos
Fedhas
Okawaru

Annotations:
D:2 exclusion: downstairs
D:3 sugabear's ghost, average GrFi


Innate Abilities, Weirdness & Mutations

Your natural rate of healing is unusually fast.
You can bottle blood from corpses.
You have razor-sharp teeth.
You have supernaturally acute eyesight.
You can survive without breathing.


Message History

The bat barely misses you.
Unknown command.
Unknown command.
Unknown command.
MOVING TO (0,7)
The bat hits you but does no damage. Sugabear's ghost closely misses you.
Found a cloak.
Unknown command.
Unknown command.
Unknown command.
MOVING TO (0,6)
The bat hits you but does no damage.
Unknown command.
Unknown command.
Unknown command.
MOVING TO (0,5)
Your butterfly disappears in a puff of smoke!
The bat closely misses you. Sugabear's ghost hits you!
You die...
Xom roars with laughter!

# ........(#.........#
.
....#.#.#..##.........#
...#.#(..#...b.....##
#.# #...#.#..........#
#.#.
...##......ยค...#.# ..#
..##...###.####..# ###.
##...####.###....#
.....
......b..W....[..# ....
..##.###V###....# #.#.
. #.# .. # ....
##..##### #......#
#......# #......#
#....<.# #.##..##


You could see sugabear's ghost and a bat.

Table legend:
 A = Turns spent in this place as a percentage of turns spent in the entire game.
 B = Non-inter-level travel turns spent in this place as a percentage of non-inter-level travel turns spent in the entire game.
 C = Inter-level travel turns spent in this place as a percentage of turns spent in this place.
 D = Turns resting spent in this place as a percentage of non-inter-level travel turns spent in this place.
 E = Turns spent auto-exploring this place as a percentage of non-inter-level travel turns spent in this place.
 F = Non-inter-level travel turns spent in this place divided by the number of levels of this place that you've seen.
                   A       B       C       D       E      F
               +-------+-------+-------+-------+-------+----------------------
         Total | 100.0 | 100.0 |   0.8 |   0.6 |   2.0 | 1513.3
       Dungeon | 100.0 | 100.0 |   0.8 |   0.6 |   2.0 | 1513.3
               +-------+-------+-------+-------+-------+----------------------

Table legend:
 A = Kills in this place as a percentage of kills in entire the game.
 B = Kills by you in this place as a percentage of kills by you in the entire game.
 C = Kills by friends in this place as a percentage of kills by friends in the entire game.
 D = Other kills in this place as a percentage of other kills in the entire game.
 E = Experience gained in this place as a percentage of experience gained in the entire game.
 F = Experience gained in this place divided by the number of levels of this place that you have seen.
                   A       B       C       D       E      F
               +-------+-------+-------+-------+-------+----------------------
         Total | 100.0 | 100.0 |  -nan |  -nan | 100.0 |  79.0
       Dungeon | 100.0 | 100.0 |  -nan |  -nan | 100.0 |  79.0
               +-------+-------+-------+-------+-------+----------------------

Vanquished Creatures
  A giant frog (D:3)
  2 adders (D:2)
  3 worms (D:2)
  2 giant geckos (D:2)
  4 bats
  9 goblins
  6 hobgoblins
  10 jackals
  A quokka (D:2)
  A giant cockroach (D:3)
  5 giant newts
  10 kobolds
  3 rats
57 creatures vanquished.

Vanquished Creatures (others)
  A jackal (D:3)
1 creature vanquished.

Grand Total: 58 creatures vanquished

Notes
Turn   | Place    | Note
--------------------------------------------------------------
     0 | D:1      | gw, the Vampire Chaos Knight, began the quest for the Orb.
     0 | D:1      | Reached XP level 1. HP: 17/17 MP: 1/1
    37 | D:1      | XOM: silly message
    66 | D:1      | XOM: potion effect (might)
    95 | D:1      | Reached skill level 1 in Armour
    95 | D:1      | Reached XP level 2. HP: 23/23 MP: 2/2
   164 | D:1      | XOM: harmless Fire miscast
   347 | D:1      | XOM: divination: detect creatures
   707 | D:2      | Reached skill level 1 in Throwing
   707 | D:2      | Reached XP level 3. HP: 29/29 MP: 3/3
   717 | D:2      | XOM: silly message
   780 | D:2      | Found an iron altar of Okawaru.
   892 | D:2      | Found a shadowy altar of Dithmenos.
   892 | D:2      | Found a blossoming altar of Fedhas.
   994 | D:2      | XOM: potion effect (curing)
  1006 | D:2      | XOM: blink monster(s)
  1018 | D:2      | XOM: chaos cloud
  1208 | D:2      | XOM: smoke on damage
  1217 | D:2      | XOM: mild Pois miscast
  1243 | D:2      | Reached XP level 4. HP: 25/35 MP: 4/4
  1406 | D:2      | XOM: colour smoke trail
  1629 | D:2      | Reached skill level 4 in Long Blades
  1722 | D:3      | Noticed a giant frog
  1738 | D:3      | XOM: blink monster(s)
  1747 | D:3      | XOM: destruction
  1763 | D:3      | XOM: potion effect (might)
  1764 | D:3      | XOM: enchant monster (good)
  1770 | D:3      | Killed a giant frog
  1770 | D:3      | Reached XP level 5. HP: 35/41 MP: 5/5
  1840 | D:3      | XOM: colour smoke trail
  2029 | D:3      | XOM: harmless Fire miscast
  2034 | D:3      | Noticed sugabear's ghost (average GrFi)
  2034 | D:3      | XOM: cast spell 'Cause Fear'
  2234 | D:3      | XOM: butterfly on damage
  2247 | D:3      | XOM: potion effect (might)
  2252 | D:3      | Slain by sugabear's ghost

Action                   |  1- 3 |  4- 6 || total
-------------------------+-------+-------++-------
Melee: Falchion          |   104 |    61 ||   165
Throw: Stone             |    75 |    25 ||   100
       Javelin           |       |    11 ||    11
  Use: Potion            |     3 |     5 ||     8
       Scroll            |     2 |     5 ||     7
  Eat: Corpse            |    15 |     8 ||    23

Vault maps used:
D:1:      erik_arrival_triangle_small, minmay_misc_feat_rows
D:2:      nicolae_overflow_crystal_walls, grunt_temple_overflow_open
